 Dungeon Crawl Stone Soup version 0.18.1-48-g4cf74bf (webtiles) character file.

2559 Joat the Thaumaturge (level 9, 0/47 HPs)
             Began as a Deep Elf Conjurer on Sept 3, 2016.
             Was an Initiate of Vehumet.
             Slain by Ladykiller69's ghost (18 damage)
             ... on level 7 of the Dungeon.
             The game lasted 00:40:36 (7487 turns).

Joat the Thaumaturge (Deep Elf Conjurer)            Turns: 7487, Time: 00:40:37

Health: 0/47       AC: 12    Str:  5    XL:     9   Next: 31%
Magic:  13/25      EV: 13    Int: 30    God:    Vehumet [......]
Gold:   212        SH:  0    Dex: 15    Spells: 3 memorised, 18 levels left

rFire  . . .     SeeInvis .     C - +3 dagger (protect)
rCold  . . .     Gourm    .     a - +0 robe
rNeg   . . .     Faith    .     (no shield)
rPois  .         Spirit   .     L - +0 helmet
rElec  .         Dismiss  +     v - +0 cloak
rCorr  .         Reflect  .     m - +2 pair of gloves
SustAt .         Harm     .     (no boots)
MR     .....                    y - amulet of dismissal
Stlth  ++........               (no ring)
                                e - +6 ring of intelligence

@: not resistant to hostile enchantments, unstealthy
A: no striking features
a: Renounce Religion


You were on level 7 of the Dungeon.
You worshipped Vehumet.
Vehumet was noncommittal.
You were not hungry.

You visited 2 branches of the dungeon, and saw 8 of its levels.

You collected 422 gold pieces.
You spent 210 gold pieces at shops.

Inventory:

Hand Weapons
 k - a +1 short sword of freezing
 x - a +1 dagger of electrocution
 C - a +3 dagger of protection (weapon)
Missiles
 E - 8 curare-tipped needles
Armour
 a - a +0 robe (worn)
 m - a +2 pair of gloves (worn)
 v - a +0 cloak (worn)
 D - a +0 buckler
 G - a +3 leather armour of cold resistance
 L - a +0 helmet (worn)
Magical Staves
 I - an uncursed staff of poison
Jewellery
 e - a +6 ring of intelligence (left hand)
 f - an uncursed amulet of rage
 o - an uncursed ring of flight {unknown}
 y - an amulet of dismissal (around neck)
Wands
 u - a wand of iceblast (5/15)
Scrolls
 n - 2 scrolls of recharging
 p - a scroll of amnesia
 r - a scroll of fear
 J - a scroll of identify
Potions
 d - 8 potions of curing
 i - a potion of flight
 l - a potion of agility
 q - 2 potions of magic
 s - a potion of resistance
 t - a potion of might
 z - 3 potions of lignification
 A - 3 potions of heal wounds
 B - 2 potions of cure mutation {unknown}
 F - a potion of cancellation
Books
 b - a book of Conjurations

   Spells                             Type                      Level
   a - Magic Dart                     Conjuration                  1
   b - Searing Ray                    Conjuration                  2
   c - Dazzling Spray                 Conjuration/Hexes            3
   d - Fulminant Prism                Conjuration/Hexes            4
   e - Iskenderun's Mystic Blast      Conjuration                  4
   f - Iskenderun's Battlesphere      Conjuration/Charms           5
 H - a book of Annihilations

   Spells                             Type                      Level
   a - Poison Arrow                   Conjuration/Poison           6
   b - Chain Lightning                Conjuration/Air              8
   c - Lehudib's Crystal Spear        Conjuration/Earth            8
   d - Glaciate                       Conjuration/Ice              9
   e - Fire Storm                     Conjuration/Fire             9
Miscellaneous
 K - a stone of tremors
Comestibles
 c - 5 bread rations
 g - 3 meat rations
 h - 11 fruits
 j - 2 slices of pizza
 w - 5 chunks of flesh


   Skills:
 - Level 1.4 Fighting
 - Level 3.4 Dodging
 - Level 2.4 Stealth
 + Level 0.5 Shields
 - Level 10.2 Spellcasting
 - Level 8.9 Conjurations
 - Level 9.3 Charms


You had 18 spell levels left.
You knew the following spells:

 Your Spells              Type           Power        Failure   Level  Hunger
a - Magic Dart            Conj           ####         1%          1    None
w - Iskenderun's Battles  Conj/Chrm      ######..     2%          5    ###....
z - Iskenderun's Mystic   Conj           ######..     1%          4    None


Dungeon Overview and Level Annotations

Branches:
Dungeon (7/15)             Temple (1/1) D:5

Altars:
Cheibriados
Elyvilon
Fedhas
Kikubaaqudgha
Makhleb
Ru
Sif Muna
Trog
Vehumet
Xom
Yredelemnul
The Shining One

Shops:
D:5 *   D:7 *

Annotations:
D:7 Ladykiller69's ghost, novice FoFi


Message History

The magic dart hits Ladykiller69's ghost.
Ladykiller69's ghost is severely damaged.
Your battlesphere fires!
The barrage of energy hits Ladykiller69's ghost.
Ladykiller69's ghost is severely damaged.
Ladykiller69's ghost closely misses you.
Ladykiller69's ghost wails.
Casting: Magic Dart
Confirm with . or Enter, or press ? or * to list all spells.
Aiming: Magic Dart
Press: ? - help, Shift-Dir - straight line, f/p - Ladykiller69's ghost
Aim: Ladykiller69's ghost (severely damaged)
The magic dart hits Ladykiller69's ghost.
Ladykiller69's ghost is severely damaged.
Your battlesphere fires!
The barrage of energy hits Ladykiller69's ghost.
Ladykiller69's ghost is almost destroyed.
Your battlesphere expends the last of its energy and dissipates.
Ladykiller69's ghost hits you!!
You die...

#.##.######
#.#...).)).
#.#..###### ##.#..#
###.....######
#######...#.#.......
#...##..).....######
#......)...#..#
#..@##.).###..#
##W####.## #..#
####.# #.####..#
#*.ยง.####.......#
#.........#####.#
#....####.# #.#
##.....##.# #.#
#.###.##.# #.# #.#
#.##.# #.#


You could see Ladykiller69's ghost.

Vanquished Creatures
  Grinder (D:3)
  Prince Ribbit (D:7)
  Menkaure (D:5)
  Duvessa (D:7)
  A water moccasin (D:6)
  An ice beast (D:5)
  An eye of draining (D:5)
  3 phantoms
  2 ogres
  2 giant frogs
  Dowan (D:7)
  3 scorpions (D:4)
  3 howler monkeys
  A crimson imp (D:5)
  A giant frog zombie (D:5)
  A jelly (D:5)
  5 orc priests
  6 orc wizards (D:5)
  5 worker ants
  A hound zombie (D:5)
  A hound skeleton (D:4)
  4 gnolls
  11 adders
  A worm (D:2)
  4 dart slugs
  3 giant geckos
  22 orcs
  A ball python (D:4)
  6 bats
  5 giant cockroaches
  9 goblins
  7 hobgoblins
  4 jackals
  5 kobolds
  2 quokkas
  A giant gecko skeleton (D:4)
  6 giant newts
  A jackal zombie (D:5)
  6 rats
140 creatures vanquished.

Notes
Turn   | Place    | Note
--------------------------------------------------------------
     0 | D:1      | Joat the Deep Elf Conjurer began the quest for the Orb.
     0 | D:1      | Reached XP level 1. HP: 10/10 MP: 6/6
   164 | D:1      | Reached XP level 2. HP: 4/16 MP: 0/8
   790 | D:1      | Reached skill level 4 in Spellcasting
   859 | D:2      | Reached XP level 3. HP: 19/20 MP: 5/10
  1193 | D:2      | Reached skill level 1 in Fighting
  1514 | D:2      | Reached XP level 4. HP: 25/25 MP: 0/12
  1753 | D:2      | Learned a level 4 spell: Iskenderun's Mystic Blast
  2836 | D:3      | Noticed Grinder
  2849 | D:3      | Killed Grinder
  2849 | D:3      | Reached skill level 6 in Spellcasting
  2849 | D:3      | Reached skill level 5 in Conjurations
  2849 | D:3      | Reached XP level 5. HP: 9/29 MP: 0/15
  2849 | D:3      | Reached XP level 6. HP: 11/34 MP: 0/17
  2856 | D:3      | Learned a level 5 spell: Iskenderun's Battlesphere
  3194 | D:3      | Found a white marble altar of Elyvilon.
  3568 | D:3      | Reached skill level 1 in Charms
  3711 | D:4      | Found a basalt altar of Yredelemnul.
  4184 | D:4      | Reached XP level 7. HP: 24/38 MP: 4/19
  4658 | D:4      | Reached skill level 7 in Spellcasting
  4670 | D:4      | Reached skill level 5 in Charms
  5055 | D:5      | Entered Level 5 of the Dungeon
  5179 | D:5      | Found a shimmering altar of Xom.
  5194 | D:5      | Found a burning altar of Makhleb.
  5415 | D:5      | Found a deep blue altar of Sif Muna.
  5436 | D:5      | Found Wyblueloy's Elemental Accessories.
  5462 | D:5      | Reached XP level 8. HP: 43/43 MP: 13/21
  5543 | D:6      | Reached skill level 8 in Spellcasting
  5842 | D:5      | Found a snail-covered altar of Cheibriados.
  5843 | D:5      | Found a blossoming altar of Fedhas.
  5917 | D:5      | Found an ancient bone altar of Kikubaaqudgha.
  6181 | D:5      | Reached skill level 9 in Spellcasting
  6420 | D:5      | Found a staircase to the Ecumenical Temple.
  6424 | D:5      | Noticed Menkaure
  6452 | D:5      | Killed Menkaure
  6452 | D:5      | Reached XP level 9. HP: 19/47 MP: 10/24
  6526 | Temple   | Entered the Ecumenical Temple
  6540 | Temple   | Became a worshipper of Vehumet
  7118 | D:7      | Noticed Duvessa
  7120 | D:7      | Noticed Prince Ribbit
  7122 | D:7      | Killed Duvessa
  7124 | D:7      | Killed Prince Ribbit
  7124 | D:7      | Reached skill level 10 in Spellcasting
  7126 | D:7      | Noticed Dowan
  7127 | D:7      | Killed Dowan
  7145 | D:7      | Found Ceedaduu's Assorted Antiques.
  7149 | D:7      | Bought a potion of curing for 84 gold pieces
  7149 | D:7      | Bought a buckler for 126 gold pieces
  7253 | D:7      | Found a glowing golden altar of the Shining One.
  7256 | D:7      | Found a sacrificial altar of Ru.
  7434 | D:7      | Noticed an angel
  7437 | D:7      | Noticed Ladykiller69's ghost (novice FoFi)
  7487 | D:7      | Slain by Ladykiller69's ghost

Skill      XL: |  1  2  3  4  5  6  7  8  9 |
---------------+----------------------------+-----
Spellcasting   | 4 6 7 9 10 | 10.2
Fighting       | 1 |  1.4
Dodging        | 3 |  3.4
Conjurations   | 5 6 7 8 |  8.9
Charms         | 3 6 8 9 |  9.3
Stealth        | |  2.4
Shields        | |  0.5

Action                   |  1- 3 |  4- 6 |  7- 9 || total
-------------------------+-------+-------+-------++-------
Melee: Unarmed           |     7 |       |       ||     7
       Short sword       |     2 |    15 |       ||    17
       Dagger            |       |    17 |    82 ||    99
 Cast: Magic Dart        |    67 |    77 |   121 ||   265
       Iskenderun's Myst |       |     7 |    27 ||    34
       Iskenderun's Batt |       |       |    14 ||    14
  Use: Scroll            |       |     5 |    13 ||    18
 Stab: Sleeping          |       |     2 |     4 ||     6
  Eat: Chunk             |     2 |     8 |    11 ||    21
       Beef jerky        |       |       |     1 ||     1
Armor: Robe              |     5 |    13 |    42 ||    60
Dodge: Dodged            |    19 |    29 |    76 ||   124
